 Dungeon Crawl Stone Soup version 0.27.1-3-gb3d3a73c9e (webtiles) character file.

Game seed: 10468402016325971768

665 sable the Chopper (level 7, 0/60 HPs)
             Began as a Minotaur Berserker on Oct 30, 2021.
             Was a Believer of Trog.
             Slain by Pikel (7 damage)
             ... on level 5 of the Dungeon.
             The game lasted 00:49:04 (4127 turns).

sable the Chopper (Minotaur Berserker)              Turns: 4127, Time: 00:49:08

Health: 0/60       AC: 11    Str: 29    XL:     7   Next: 31%
Magic:  6/6        EV:  8    Int:  4    God:    Trog [**....]
Gold:   216        SH:  5    Dex: 10    Spells: 6/6 levels left

rFire    . . .     SeeInvis .   a - +0 hand axe
rCold    . . .     Faith    .   (no shield)
rNeg     . . .     Spirit   .   v - +0 plate armour
rPois    .         Reflect  +   (helmet restricted)
rElec    .         Harm     .   (no cloak)
rCorr    .         Rampage  .   (no gloves)
Will     ++...                  (no boots)
Stlth    ..........             e - amulet of reflection
HPRegen  1.20/turn              i - +6 ring of strength
MPRegen  0.10/turn              (no ring)

@: mighty, strong-willed, on berserk cooldown, regenerating, slowed, very slow
A: horns 2, retaliatory headbutt
a: Renounce Religion, Berserk, Trog's Hand


You were on level 5 of the Dungeon.
You worshipped Trog.
Trog was pleased with you.
You visited 1 branch of the dungeon, and saw 5 of its levels.

You collected 216 gold pieces.

Inventory:

Hand Weapons
 a - a +0 hand axe (weapon)
 o - a +1 vampiric short sword
 p - a +0 dagger of electrocution
 s - a +2 spectral club
Missiles
 d - 80 stones (quivered)
 h - 4 boomerangs
Armour
 t - a +0 scale mail
 v - a +0 plate armour (worn)
Jewellery
 e - an amulet of reflection (around neck)
 i - a +6 ring of strength (left hand)
Wands
 r - a wand of iceblast (10)
Scrolls
 b - a scroll of fear {unknown}
 l - a scroll of amnesia
 q - a scroll of teleportation
 u - a scroll of summoning {unknown}
Potions
 c - 3 potions of brilliance
 f - a potion of flight
 g - a potion of invisibility
 m - a potion of berserk rage {unknown}


   Skills:
 + Level 4.8 Fighting
 * Level 7.9 Axes
 * Level 2.6 Throwing
 + Level 3.8 Armour
 + Level 3.2 Dodging
 - Level 0.5 Stealth
 - Level 1.0 Shields


You had 6 spell levels left.
You didn't know any spells.
Your spell library contained the following spells:

 Spells                   Type           Power      Damage    Failure   Level
 Animate Skeleton         Necr           0%         N/A       99%         1
 Magic Dart               Conj           0%         1d3       99%         1
 Pain                     Necr           0%         1d4       99%         1
 Searing Ray              Conj           0%         3d3       100%        2
 Sublimation of Blood     Necr           0%         N/A       100%        2
 Wereblood                Tmut           0%         N/A       100%        2
 Gell's Gravitas          Tloc           0%         N/A       100%        3
 Portal Projectile        Hex/Tloc       0%         N/A       100%        3
 Stone Arrow              Conj/Erth      0%         3d7       100%        3
 Teleport Other           Tloc           0%         N/A       100%        3
 Vampiric Draining        Necr           0%         2d6       100%        3
 Animate Armour           Summ/Erth      0%         N/A       100%        4
 Fulminant Prism          Conj/Hex       0%         3d6       100%        4
 Blade Hands              Tmut           0%         N/A       100%        5
 Excruciating Wounds      Necr           0%         N/A       100%        5
 Dispersal                Tloc           0%         N/A       100%        6
 Summon Hydra             Summ           0%         N/A       100%        7
 Lehudib's Crystal Spear  Conj/Erth      0%         10d2      100%        8


Dungeon Overview and Level Annotations

Branches:
Dungeon (4/15)
 Temple: D:4-7

Altars:
Dithmenos
Gozag
Hepliaklqana
Kikubaaqudgha
Uskayaw
Vehumet
Wu Jian

Portals:
Sewer: D:5

Annotations:
D:5 Pikel


Innate Abilities, Weirdness & Mutations

You have a pair of horns on your head.
You reflexively headbutt those who attack you in melee.


Message History

You are lethally poisoned!
The scorpion poisons you!
You feel much better.
You feel very sick. The scorpion closely misses you.
The lemure hits you but does no damage.
Pikel hits you with a +2 whip of freezing!
* * * LOW HITPOINT WARNING * * *
Pikel freezes you.
* * * LOW HITPOINT WARNING * * *
The scorpion stings you but does no damage.
The lemure hits you but does no damage.
You feel very mighty all of a sudden.
You feel sick. You block Pikel's attack. The scorpion barely misses you.
You furiously retaliate!
You headbutt the scorpion!
You kill the scorpion!
Trog accepts your kill. The lemure hits you but does no damage.
You block Pikel's attack.
Your skin crawls.
You feel strong-willed.
You feel sick. You block the lemure's attack.
The lemure hits you but does no damage.
Pikel hits you with a +2 whip of freezing.
* * * LOW HITPOINT WARNING * * *
Pikel freezes you.
* * * LOW HITPOINT WARNING * * *
You block the lemure's attack.
You barely miss Pikel. Your headbutt misses Pikel.
Pikel is heavily wounded.
You slash the lemure! You hit the lemure.
You feel sick. The lemure hits you.
* * * LOW HITPOINT WARNING * * *
Pikel closely misses you. You furiously retaliate!
You headbutt Pikel! The lemure closely misses you.
The lemure hits you but does no damage. Pikel hits you but does no damage.
You closely miss Pikel. Your headbutt misses Pikel.
Pikel is severely wounded.
You slash the lemure! You closely miss the lemure.
You feel sick.
You are no longer poisoned.
The lemure hits you but does no damage. The lemure closely misses you.
Pikel hits you with a +2 whip of freezing!
You die...

##.## #...# .....
#...# ##.## ...#
#...####.# ..####
###.#.....###......
#..##..#...#.......
#..####...)........
#### ###.......##
###......##
##5@.......
###.5K###....
#....J.# ###.
....#....#
.#..###..## #..
#...## .# #....#
#..?...# .........


You could see Pikel, 2 lemures and a jelly.

Vanquished Creatures
  Sigmund (D:3)
  An ogre (D:4)
  2 lemures (D:5)
  2 scorpions
  A water moccasin skeleton (D:4)
  A gnoll shaman (D:4)
  Ijyb (D:3)
  2 orc wizards (D:4)
  A hound skeleton (D:4)
  3 gnolls (D:4)
  A shadow imp (D:3)
  An adder zombie (D:5)
  An adder skeleton (D:4)
  2 dart slugs
  5 orcs
  4 bats
  7 endoplasms
  4 giant cockroaches
  2 hobgoblins
  2 jackals (D:1)
  6 quokkas
  5 ball pythons
  3 frilled lizards
  16 goblins
  10 kobolds
  4 rats
88 creatures vanquished.

Vanquished Creatures (others)
  A jelly (D:5)
1 creature vanquished.

Grand Total: 89 creatures vanquished

Notes
Turn   | Place    | Note
-------+----------+-------------------------------------------
     0 | D:1      | sable the Minotaur Berserker began the quest for the Orb.
     0 | D:1      | Reached XP level 1. HP: 19/19 MP: 0/0
   217 | D:1      | Reached skill level 4 in Axes
   223 | D:1      | Reached XP level 2. HP: 24/27 MP: 1/1
   266 | D:1      | Found a faded altar of an unknown god.
   985 | D:1      | Reached XP level 3. HP: 33/33 MP: 2/2
  1156 | D:2      | Reached ** piety under Trog
  1301 | D:2      | You fall into a shaft and drop 2 floors!
  1309 | D:4      | Noticed a scorpion
  1316 | D:4      | Killed a scorpion
  1317 | D:4      | Reached skill level 5 in Axes
  1317 | D:4      | Reached skill level 1 in Throwing
  1317 | D:4      | Reached XP level 4. HP: 40/40 MP: 3/3
  1334 | D:4      | Found a hide-covered altar of Uskayaw.
  1335 | D:4      | Found a radiant altar of Vehumet.
  1341 | D:4      | Found a hazy altar of Hepliaklqana.
  1364 | D:3      | Noticed Ijyb
  1370 | D:3      | Killed Ijyb
  1522 | D:3      | Noticed Sigmund
  1531 | D:3      | Killed Sigmund
  1532 | D:3      | Reached skill level 6 in Axes
  1532 | D:3      | Reached skill level 1 in Shields
  1532 | D:3      | Reached XP level 5. HP: 21/47 MP: 4/4
  1532 | D:3      | Reached XP level 6. HP: 24/53 MP: 5/5
  2729 | D:3      | Found a shadowy altar of Dithmenos.
  3006 | D:3      | Found an ornate altar of the Wu Jian Council.
  3006 | D:3      | Found an ancient bone altar of Kikubaaqudgha.
  3006 | D:3      | Found an opulent altar of Gozag.
  3409 | D:4      | Reached skill level 7 in Axes
  3633 | D:4      | Reached XP level 7. HP: 25/60 MP: 6/6
  3918 | D:4      | You fall into a shaft and drop 1 floor!
  3918 | D:5      | Entered Level 5 of the Dungeon
  4016 | D:5      | Found a glowing drain.
  4039 | D:5      | Reached *** piety under Trog
  4096 | D:5      | Noticed Pikel
  4127 | D:5      | Slain by Pikel

Illustrated notes

Levels and vault maps discovered:
D:1:      sevenhm_arrival_forest_fort_small_3, layout_basic,
          shapermc_ecumenical_altar_mp_highgroup
D:2:      layout_basic
D:3:      layout_rooms, gammafunk_temple_overflow_claw,
          mainiacjoe_overflow_boulevard, serial_curves, eino_curves_03,
          eino_curves_03, eino_curves_04, eino_curves_03, uniq_jessica,
          uniq_ijyb, uniq_sigmund
D:4:      layout_cave_pools, chequers_temple_overflow_statue_of_worship,
          minmay_ogre_servants
D:5:      layout_layer_cave, xom_confusion_cloud, portal_sewer_entry_f,
          uniq_pikel

Skill      XL: |  1  2  3  4  5  6 |
---------------+-------------------+-----
Axes           | 4 5 6 7 |  7.9
Fighting       | 4 |  4.8
Throwing       | 1 2 |  2.6
Dodging        | 3 |  3.2
Shields        | 1 |  1.0
Armour         | 3 |  3.8
Stealth        | |  0.5

Action                   |  1- 3 |  4- 6 |  7- 9 || total
-------------------------+-------+-------+-------++-------
Melee: Hand axe          |    53 |    88 |    34 ||   175
       Headbutt          |     9 |    12 |     9 ||    30
Throw: Stone             |     2 |    17 |     7 ||    26
Invok: Berserk           |     1 |     2 |     2 ||     5
       Trog's Hand       |       |       |     1 ||     1
  Use: Scroll            |     2 |     5 |     3 ||    10
       Potion            |       |       |     2 ||     2
Armor: Animal skin       |     6 |       |       ||     6
       Leather armour    |     2 |       |       ||     2
       Scale mail        |       |    18 |     2 ||    20
       Plate armour      |       |       |    23 ||    23
Dodge: Dodged            |    21 |    32 |    17 ||    70
Block: Other             |     9 |    27 |    15 ||    51
       Reflection        |       |     1 |       ||     1
